 Dungeon Crawl Stone Soup version 0.28-a0-479-g5baa6b73be (webtiles) character file.

Game seed: 18277746948327209336

165 Shayle the Skirmisher (level 5, -1/57 HPs)
             Began as an Ogre Warper on Sept 17, 2021.
             Slain by a gnoll (4 damage)
             ... on level 6 of the Dungeon.
             The game lasted 00:17:16 (5727 turns).

Shayle the Skirmisher (Ogre Warper)                 Turns: 5727, Time: 00:17:17

Health: -1/57      AC:  5    Str: 15    XL:     5   Next: 46%
Magic:  5/9        EV:  9    Int: 15    God:
Gold:   79         SH:  0    Dex:  8    Spells: 4/9 levels left

rFire   . . .      SeeInvis .   a - +0 spear
rCold   . . .      Faith    .   (no shield)
rNeg    . . .      Spirit   .   b - +0 robe
rPois   .          Reflect  .   (helmet restricted)
rElec   .          Harm     .   k - +1 cloak
rCorr   .          Rampage  .   (gloves unavailable)
Will    .....                   (boots unavailable)
Stlth   +.........              (no amulet)
HPRegen 0.19/turn               e - ring of wizardry
MPRegen 0.11/turn               (no ring)

@: no status effects
A: large, unfitting armour, tough skin 1
a: no special abilities


You were on level 6 of the Dungeon.
You visited 1 branch of the dungeon, and saw 6 of its levels.

You collected 105 gold pieces.
You spent 26 gold pieces at shops.

Inventory:

Hand Weapons
 a - a +0 spear (weapon)
Missiles
 d - 3 boomerangs (quivered)
 j - 27 sling bullets
Armour
 b - a +0 robe (worn)
 k - a +1 cloak (worn)
Jewellery
 e - a ring of wizardry (left hand)
Scrolls
 h - a scroll of enchant weapon
Potions
 c - a potion of resistance {unknown}
Miscellaneous
 g - a piece from Xom's chessboard (9/15)


   Skills:
 + Level 5.3 Fighting
 + Level 4.0 Polearms
 - Level 1.0 Throwing
 - Level 2.1 Dodging
 + Level 2.7 Spellcasting
 - Level 2.6 Translocations


You had 4 spell levels left.
You knew the following spells:

 Your Spells              Type           Power      Damage    Failure   Level
a - Blink                 Tloc           N/A        N/A       4%          2
b - Teleport Other        Tloc           10%        N/A       9%          3

Your spell library contained the following spells:

 Spells                   Type           Power      Damage    Failure   Level
 Gell's Gravitas          Tloc           5%         N/A       9%          3
 Lesser Beckoning         Tloc           10%        N/A       9%          3
 Hailstorm                Conj/Ice       2%         3d3       58%         4
 Ice Form                 Ice/Tmut       2%         N/A       58%         4
 Manifold Assault         Tloc           10%        N/A       56%         5
 Simulacrum               Ice/Necr       1%         N/A       100%        6


Dungeon Overview and Level Annotations

Branches:
Dungeon (6/15)
 Temple: D:4-7

Altars:
Cheibriados
Makhleb
Qazlal
Uskayaw
Vehumet
Xom

Shops:
D:2 *(:?(


Innate Abilities, Weirdness & Mutations

You are too large for most types of armour.
You have tough skin. (AC +1)


Message History

Okay, then.
Casting: Teleport Other (dangerous; 9% risk of failure)
Confirm with . or Enter, or press ? or * to list all spells.
Aiming: Teleport Other (dangerous; 9% risk of failure)
Press: ? - help, Shift-Dir - straight line, f - gnoll
Aim: a gnoll, wielding a +0 spear (chance to affect: 54%)
The gnoll looks slightly unstable.
The gnoll hits you with a +0 spear!
* * * LOW HITPOINT WARNING * * *
The gnoll hits you from afar with a +0 spear.
* * * LOW HITPOINT WARNING * * *
The gnoll disappears!
The gnoll is no longer paralysed.
Casting: Teleport Other (dangerous; 9% risk of failure)
Confirm with . or Enter, or press ? or * to list all spells.
Aiming: Teleport Other (dangerous; 9% risk of failure)
Press: ? - help, Shift-Dir - straight line, f - gnoll
Aim: a gnoll, wielding a +0 whip (strong, chance to affect: 54%)
The gnoll looks slightly unstable.
The gnoll disappears!
The gnoll hits you but does no damage.
You closely miss the gnoll. The gnoll closely misses you.
You closely miss the gnoll. The gnoll hits you with a +0 club.
* * * LOW HITPOINT WARNING * * *
You barely miss the gnoll. The gnoll hits you with a +0 club.
* * * LOW HITPOINT WARNING * * *
You barely miss the gnoll. The gnoll hits you with a +0 club.
* * * LOW HITPOINT WARNING * * *
You closely miss the gnoll. You hit the gnoll.
The gnoll is moderately wounded.
The gnoll hits you with a +0 club!
* * * LOW HITPOINT WARNING * * *
You barely miss the gnoll.
The gnoll is moderately wounded.
The gnoll hits you with a +0 club.
* * * LOW HITPOINT WARNING * * *
You closely miss the gnoll.
The gnoll is moderately wounded.
The gnoll hits you with a +0 club.
You die...

..........# ##
#........## #.......##
## ##......# .##
#..bb..## ..#####
##..._...#### .......
............### .......
.....######...#####...#
##### ###..g@.....#
##.........#
#########.# #


You could see a gnoll.

Vanquished Creatures
  A killer bee zombie (D:5)
  6 gnolls
  An adder (D:3)
  An ufetubus (D:6)
  3 dart slugs
  3 bats (D:1)
  6 endoplasms
  4 giant cockroaches
  5 goblins
  6 hobgoblins
  2 jackals
  6 kobolds
  2 quokkas (D:1)
  11 ball pythons
  4 frilled lizards (D:1)
  4 rats
65 creatures vanquished.

Vanquished Creatures (others)
  13 plants (D:4)
13 creatures vanquished.

Grand Total: 78 creatures vanquished

Notes
Turn   | Place    | Note
-------+----------+-------------------------------------------
     0 | D:1      | Shayle the Ogre Warper began the quest for the Orb.
     0 | D:1      | Reached XP level 1. HP: 22/22 MP: 3/3
   203 | D:1      | Reached skill level 3 in Fighting
   328 | D:1      | Reached XP level 2. HP: 31/31 MP: 5/5
   958 | D:1      | Reached XP level 3. HP: 39/39 MP: 6/6
   961 | D:1      | Learned a level 2 spell: Blink
   974 | D:1      | Learned a level 3 spell: Teleport Other
  1375 | D:2      | Found Ekegh's Magic Scroll Shop.
  1411 | D:2      | Found Raots's Book Emporium.
  1436 | D:2      | Bought a scroll of identify for 26 gold pieces
  1477 | D:2      | Found a radiant altar of Vehumet.
  1528 | D:2      | Reached skill level 4 in Fighting
  2048 | D:2      | Found Qyxt's Antique Weapon Shop.
  2147 | D:2      | Found Jixydd's Antique Weapon Shoppe.
  2171 | D:2      | Found Witt's General Store.
  2260 | D:2      | Found a faded altar of an unknown god.
  2604 | D:3      | Found a snail-covered altar of Cheibriados.
  2928 | D:3      | Noticed a +0 dagger
  2928 | D:3      | Noticed a +0 dagger
  2932 | D:3      | Found a hide-covered altar of Uskayaw.
  2948 | D:3      | Reached XP level 4. HP: 44/49 MP: 7/7
  3164 | D:4      | Noticed a scorpion
  3212 | D:5      | Entered Level 5 of the Dungeon
  3212 | D:5      | Noticed a necrophage
  3212 | D:5      | Found a burning altar of Makhleb.
  3578 | D:4      | Found a stormy altar of Qazlal.
  3584 | D:4      | Noticed a fire elemental
  3584 | D:4      | Noticed a water elemental
  3585 | D:4      | Noticed an air elemental
  3585 | D:4      | Noticed an earth elemental
  4003 | D:4      | Reached skill level 5 in Fighting
  4010 | D:4      | Reached XP level 5. HP: 14/57 MP: 8/8
  5672 | D:6      | Found a shimmering altar of Xom.
  5727 | D:6      | Slain by a gnoll

Illustrated notes

Levels and vault maps discovered:
D:1:      dpeg_arrival_orchard, layout_basic, solitary_fountain
D:2:      layout_loops_cross, dilly_ecumenical_altar_fadedgnrine, serial_shops,
          nicolae_shop_behind_doors, nicolae_shop_waterfront, shop_fountains,
          shop, shop, basic_altar, hangedman_decor_clover_reticule,
          grunt_decor_junction
D:3:      layout_loops_ring, mainiacjoe_overflow_alcove_2,
          mainiacjoe_overflow_catwalk, dancing_weapons_uskayaw, minivault_24,
          chequers_serial_rivers_micro_b, minmay_misc_feat_cross
D:4:      layout_loops_ring, nicolae_qazlal_style_of_elements,
          serial_bayou_lake_a
D:5:      layout_loops_ring, mainiacjoe_overflow_concentric_impassable
D:6:      minmay_inner_zag, layout_layer_cave, amethyst_overflow_temple_binary,
          xom_butterflies, portal_sewer_entry_e

Skill      XL: |  1  2  3  4  5 |
---------------+----------------+-----
Fighting       | 3 4 5 |  5.3
Polearms       | 3 4 |  4.0
Throwing       | |  1.0
Dodging        | |  2.1
Spellcasting   | |  2.7
Translocations | |  2.6

Action                   |  1- 3 |  4- 6 || total
-------------------------+-------+-------++-------
Melee: Spear             |   166 |   162 ||   328
Throw: Boomerang         |     5 |     4 ||     9
 Cast: Blink             |     1 |     2 ||     3
       Teleport Other    |       |     6 ||     6
Evoke: Piece from Xom's  |       |     6 ||     6
  Use: Scroll            |     2 |     6 ||     8
       Potion            |       |     2 ||     2
 Stab: Distracted        |     1 |       ||     1
       Sleeping          |       |     1 ||     1
Armor: Robe              |    60 |    42 ||   102
Dodge: Dodged            |    71 |    73 ||   144

Table legend: (Time is in decaauts)
 A = Elapsed time spent in this place.
 B = Non-inter-level travel time spent in this place.
 C = Inter-level travel time spent in this place.
 D = Time resting spent in this place.
 E = Time spent auto-exploring this place.
 F = Levels seen in this place.
 G = Mean time per level.
                   A        B        C        D        E       F      G
               +--------+--------+--------+--------+--------+-----+--------+
         Total |   5717 |   5472 |    245 |   1544 |   2489 |   6 |  952.8 |
       Dungeon |   5717 |   5472 |    245 |   1544 |   2489 |   6 |  952.8 |
               +--------+--------+--------+--------+--------+-----+--------+

Top non-repeatable levels by time:
     D:4: 1886 daAuts
     D:1: 1372 daAuts
     D:2: 1239 daAuts
     D:3: 1041 daAuts
     D:5: 109 daAuts
     D:6: 68 daAuts
